cohdb
Replays
Latest Replays
All Replays
Popular Replays
Top Player Replays
Match Explorer
How It Works
Community
CoH3 Stats
Reddit
Sign in to upload your games and track your stats! →
Sign in with Steam
Match 41465735
Unlisted
Match 41465735
Overview
Messages
Build Orders
End
Construct Weapon Support Center
Engineer Squad
M1919 Machine Gun Team
Selects Heavy Weapons
M1919 Machine Gun Team
Infantry Support Center
Selects Assault Carriers
M3 Assault Carrier
Construct Barracks
Riflemen Squad
Riflemen Squad
Construct Medical Station
M1918 Browning Automatic Rifles
Grenade Package
Selects Exchangeable Parts
Selects M2HB .50cal Heavy Machine Gun
Riflemen Squad
Bazooka Squad
Engineer Squad
Advanced Logistics
Survival Training
Bazooka Squad
Improved M9 Bazooka Rockets
Bazooka Squad
Munitions Surplus
Demolitions Package
Riflemen Squad
Selects M26 Pershing Heavy Tank
M26 Pershing Heavy Tank
Engineer Squad
Quickscopekiller1337
tank
KevinTDW
YourMom'sPiesSoHotRightNow
0
0
Comments
sign in to comment!
No comments posted yet!